 Dungeon Crawl Stone Soup version 0.19-a0-1773-gaa448fe (webtiles) character file.

71 Laraso the Cudgeler (level 4, 0/45 HPs)
             Began as an Ogre Hunter on Oct 15, 2016.
             Slain by an ooze (2 damage)
             ... in a sewer.
             The game lasted 00:03:59 (2158 turns).

Laraso the Cudgeler (Ogre Hunter)                   Turns: 2158, Time: 00:04:00

Health: 0/45       AC:  3    Str: 18    XL:     4   Next: 24%
Magic:  4/4        EV: 15    Int: 10    God:
Gold:   118        SH:  0    Dex: 15    Spells: 0 memorised, 3 levels left

rFire  . . .     SeeInvis .     a - +0 mace
rCold  . . .     Gourm    .     b - +0 robe
rNeg   . . .     Faith    .     (no shield)
rPois  .         Spirit   .     (helmet restricted)
rElec  .         Dismiss  .     (no cloak)
rCorr  .         Reflect  .     (gloves unavailable)
MR     .....     Harm     .     (boots unavailable)
Stlth  +++.......               (no amulet)
                                (no ring)
                                (no ring)

@: agile, lethally poisoned (0 -> -9)
A: unfitting armour, tough skin 1
a: no special abilities


You were in a sewer.
You were not hungry.

You visited 1 branch of the dungeon, and saw 4 of its levels.
You also visited: Sewer.

You collected 118 gold pieces.

Inventory:

Hand Weapons
 a - a +0 mace (weapon)
Missiles
 c - a large rock (quivered)
 d - 3 throwing nets
Armour
 b - a +0 robe (worn)
Scrolls
 m - a scroll of enchant weapon
Potions
 g - a potion of haste {unknown}
 h - a potion of flight {unknown}
 i - a potion of lignification {unknown}
 j - a potion of curing {unknown}
 k - a potion of heal wounds {unknown}
Comestibles
 f - 3 bread rations
 l - 2 chunks of flesh


   Skills:
 - Level 3.0 Fighting
 * Level 4.6 Maces & Flails
 - Level 4.0 Throwing
 - Level 1.7 Dodging
 - Level 0.7 Stealth


You had 3 spell levels left.
You didn't know any spells.

Dungeon Overview and Level Annotations

Branches:
Dungeon (3/15)

Altars:


Innate Abilities, Weirdness & Mutations

You are too large for most types of armour.
You have tough skin. (AC +1)


Message History

The adder bites you. The leopard gecko closely misses you. The adder bites you.
You are poisoned.
The adder poisons you! The leopard gecko bites you.
* * * LOW HITPOINT WARNING * * *
The adder bites you.
* * * LOW HITPOINT WARNING * * *
You are more poisoned.
The adder poisons you!
You take 12 damage, and have 21/45 hp.
MASSIVE DAMAGE!!
Unknown command.
Unknown command.
Unknown command.
Aim: an adder You throw a large rock.
The large rock barely misses the adder.
You hear a splash.
You feel sick. The leopard gecko barely misses you. The adder bites you.
* * * LOW HITPOINT WARNING * * *
You are more poisoned.
The adder poisons you! The adder bites you but does no damage.
You take 2 damage, and have 19/45 hp.
Unknown command.
Unknown command.
Aim: an adder You throw a large rock.
The large rock misses the adder.
You hear a splash.
You feel very sick.
The leopard gecko bites you but does no damage.
The adder bites you but does no damage. The leopard gecko closely misses you.
The ooze hits you but does no damage. The adder barely misses you.
The leopard gecko bites you.
* * * LOW HITPOINT WARNING * * *
You take 6 damage, and have 13/45 hp.
Unknown command.
Unknown command.
Unknown command.
Aim: an adder You throw a large rock.
The large rock closely misses the adder.
You hear a splash.
* * * LOW HITPOINT WARNING * * *
You feel sick. The adder bites you.
* * * LOW HITPOINT WARNING * * *
The ooze hits you but does no damage.
The leopard gecko bites you but does no damage.
The adder misses you. The ooze hits you.
* * * LOW HITPOINT WARNING * * *
The leopard gecko bites you.
* * * LOW HITPOINT WARNING * * *
The adder bites you.
* * * LOW HITPOINT WARNING * * *
Unknown command.
You take 10 damage, and have 3/45 hp.
MASSIVE DAMAGE!!
Unknown command.
It was a potion of agility.
You feel agile all of a sudden.
* * * LOW HITPOINT WARNING * * *
You feel sick. The ooze hits you.
You die...

#∩#
≈≈#
##..#
#..#
#∩.#
#.≈#
##.##
#.≈#
#@l#
#JS#
#l≈#
#≈≈#
#≈≈#
#≈≈#
#≈≈#
#≈≈≈


You could see an ooze, an adder and 2 leopard geckos.

Vanquished Creatures
  An adder (D:2)
  An ooze (D:1)
  An adder skeleton (D:5)
  A worm (D:2)
  A leopard gecko (D:3)
  An orc (D:3)
  2 giant cockroaches
  A goblin (D:2)
  4 hobgoblins
  15 jackals
  4 kobolds
  A quokka (D:2)
  3 ball pythons
  5 bats
  3 frilled lizards (D:1)
  4 rats (D:1)
48 creatures vanquished.

Notes
Turn   | Place    | Note
-------+----------+-------------------------------------------
     0 | D:1      | Laraso the Ogre Hunter began the quest for the Orb.
     0 | D:1      | Reached XP level 1. HP: 22/22 MP: 1/1
   129 | D:1      | Reached skill level 3 in Fighting
   210 | D:1      | Reached skill level 1 in Maces & Flails
   278 | D:1      | Reached XP level 2. HP: 31/31 MP: 2/2
   347 | D:1      | Reached skill level 2 in Maces & Flails
   668 | D:1      | HP: 12/31 [jackal (2)]
   669 | D:1      | Reached XP level 3. HP: 11/37 MP: 3/3
   674 | D:1      | Reached skill level 3 in Maces & Flails
  1524 | D:2      | Reached skill level 4 in Maces & Flails
  1821 | D:3      | Reached XP level 4. HP: 42/45 MP: 4/4
  1832 | D:3      | HP: 18/45 [jackal (1)]
  2066 | D:3      | You fall through a shaft for 2 floors!
  2066 | D:5      | Entered Level 5 of the Dungeon
  2135 | D:5      | Found a glowing drain.
  2142 | Sewer    | Entered a sewer
  2156 | Sewer    | HP: 16/45 [poisoned by an adder]
  2157 | Sewer    | HP: 6/45 [leopard gecko (3)]
  2158 | Sewer    | HP: 2/45 [poisoned by an adder]
  2158 | Sewer    | Slain by an ooze

Vault maps used:
D:1:      dpeg_arrival_pits
D:3:      fedhas_altar_3, minmay_item_behind_shaft, uniq_robin, uniq_iyjb,
          uniq_natasha
D:5:      lightli_sewer_entry_pipes, first_bread
Sewer:    sewer_frog_island_02

Skill      XL: |  1  2  3 |
---------------+----------+-----
Fighting       | 3 |  3.0
Maces & Flails | 1 2 4 |  4.6
Throwing       | |  4.0
Dodging        | |  1.7
Stealth        | |  0.7

Action                   |  1- 3 |  4- 6 || total
-------------------------+-------+-------++-------
Melee: Whip              |    82 |       ||    82
       Short sword       |    12 |       ||    12
       Mace              |    46 |    29 ||    75
Throw: Large rock        |     1 |     5 ||     6
  Use: Scroll            |     5 |       ||     5
       Potion            |       |     1 ||     1
 Stab: Sleeping          |     1 |       ||     1
  Eat: Chunk             |     3 |     1 ||     4
Armor: Robe              |    67 |    20 ||    87
Dodge: Dodged            |   100 |    43 ||   143

Table legend:
 A = Kills in this place as a percentage of kills in entire the game.
 B = Kills by you in this place as a percentage of kills by you in the entire game.
 C = Kills by friends in this place as a percentage of kills by friends in the entire game.
 D = Other kills in this place as a percentage of other kills in the entire game.
 E = Experience gained in this place as a percentage of experience gained in the entire game.
 F = Experience gained in this place divided by the number of levels of this place that you have seen.
                   A       B       C       D       E      F
               +-------+-------+-------+-------+-------+----------------------
         Total | 100.0 | 100.0 |  -nan |  -nan | 100.0 |  20.4
       Dungeon |  95.8 |  95.8 |  -nan |  -nan |  98.0 |  25.0
         Sewer |   4.2 |   4.2 |  -nan |  -nan |   2.0 |   2.0
               +-------+-------+-------+-------+-------+----------------------

Table legend:
 A = Turns spent in this place as a percentage of turns spent in the entire game.
 B = Non-inter-level travel turns spent in this place as a percentage of non-inter-level travel turns spent in the entire game.
 C = Inter-level travel turns spent in this place as a percentage of turns spent in this place.
 D = Turns resting spent in this place as a percentage of non-inter-level travel turns spent in this place.
 E = Turns spent auto-exploring this place as a percentage of non-inter-level travel turns spent in this place.
 F = Non-inter-level travel turns spent in this place divided by the number of levels of this place that you've seen.
                   A       B       C       D       E      F
               +-------+-------+-------+-------+-------+----------------------
         Total | 100.0 | 100.0 |   0.4 |   3.8 |   7.9 | 137.2
       Dungeon |  95.9 |  95.9 |   0.5 |   4.0 |   8.2 | 164.5
         Sewer |   4.1 |   4.1 |   0.0 |   0.0 |   0.0 |  28.0
               +-------+-------+-------+-------+-------+----------------------

Vault maps used:
D:1:      dpeg_arrival_pits
D:3:      fedhas_altar_3, minmay_item_behind_shaft, uniq_robin, uniq_iyjb,
          uniq_natasha
D:5:      lightli_sewer_entry_pipes, first_bread
Sewer:    sewer_frog_island_02
